Map: Kairos Junction LE

Players

Reynor

  • Race: Zerg Zerg
  • Spawn Location: 11:00

PartinG - Winner!

  • Race: Protoss Protoss
  • Spawn Location: 5:00

Event: IEM Season 13: Katowice (2019)

VOD

Have the link to the VOD?

Description

Time

  • Played on: Feb. 26, 2019, 5:28 a.m.
  • Length: 12:34

All games in this series

Show
View Real Time Build Order
Export as new Build Order

Reynor Zerg 

Build Orders: Hatch First, Swarm Host 

Get SALT Encoding   

  12  0:00  Drone  
  13  0:12  Overlord  
  13  0:17  Drone  
  14  0:30  Drone  
  14  0:31  Drone  
  16  0:49  Hatchery  
  15  0:51  Drone  
  15  0:54  Drone  
  17  0:58  Drone  
  17  1:02  Extractor  
  17  1:14  Spawning Pool  
  17  1:17  Drone  
  17  1:21  Drone  
  18  1:28  Drone  
  19  1:39  Drone  
  20  1:49  Overlord  
  20  2:01  Queen x2  
  20  2:04  Drone x2  
  26  2:13  Drone x2  
  28  2:26  Hatchery  
  27  2:30  Drone  
  27  2:31  Drone  
  27  2:35  Drone  
  27  2:36  Drone  
  31  2:43  Pneumatized Carapace  
  31  2:44  Drone  
  31  2:45  Drone  
  33  2:53  Overlord  
  33  2:55  Zergling x2  
  34  3:04  Overlord  
  34  3:06  Drone  
  35  3:14  Drone  
  36  3:22  Queen, Drone x2  
  36  3:23  Drone x2  
  36  3:26  Drone  
  44  3:34  Drone  
  44  3:35  Roach Warren  
  44  3:37  Drone  
  44  3:38  Extractor  
  44  3:39  Extractor, Drone  
  43  3:53  Drone x3  
  43  3:54  Overlord x2  
  46  3:57  Overlord  
  46  3:58  Spine Crawler  
  45  4:14  Roach x8  
  45  4:15  Roach  
  62  4:18  Roach  
  62  4:23  Roach x2  
  68  4:27  Roach  
  68  4:28  Roach  
  72  4:35  Roach  
  72  4:36  Overlord  
  74  4:45  Overlord  
  74  4:50  Roach x2  
  71  4:53  Ravager  
  71  4:54  Roach  
  71  4:57  Roach  
  71  4:59  Roach  
  77  5:05  Roach, Evolution Chamber  
  74  5:08  Ravager  
  74  5:09  Roach  
  74  5:11  Roach  
  74  5:12  Zergling x8  
  84  5:24  Overlord  
  84  5:32  Roach  
  83  5:36  Overlord  
  84  5:43  Ravager x3  
  84  5:44  Zergling x10  
  91  5:55  Lair  
  93  5:59  Drone x3  
  93  6:02  Drone  
  96  6:06  Drone  
  96  6:10  Metabolic Boost  
  95  6:13  Drone  
  95  6:15  Hatchery  
  95  6:17  Overlord  
  95  6:24  Overlord  
  95  6:29  Evolution Chamber  
  95  6:30  Overlord  
  93  6:35  Overlord  
  93  6:36  Extractor, Drone x2  
  93  6:37  Drone  
  95  6:40  Roach x2  
  95  6:43  Roach  
  95  6:45  Ravager x2  
  103  6:47  Roach  
  103  6:48  Queen  
  103  6:50  Drone x3  
  110  6:55  Glial Reconstitution, Drone  
  112  7:01  Roach  
  112  7:05  Drone  
  112  7:10  Roach  
  112  7:12  Zerg Missile Weapons Level 1  
  113  7:17  Roach  
  113  7:18  Overlord  
  113  7:22  Drone  
  115  7:24  Overlord  
  115  7:27  Roach x3  
  115  7:29  Overseer  
  121  7:31  Overlord  
  121  7:37  Drone x2  
  121  7:38  Drone x2  
  121  7:43  Roach  
  127  7:45  Drone x2  
  127  7:48  Hydralisk Den  
  127  7:50  Roach x3  
  134  7:54  Drone  
  134  7:57  Drone x3  
  138  7:59  Overlord  
  138  8:00  Extractor  
  138  8:02  Overlord  
  137  8:08  Infestation Pit  
  137  8:09  Drone  
  137  8:11  Overlord  
  138  8:19  Nydus Network, Drone x7  
  144  8:22  Extractor  
  144  8:24  Roach  
  145  8:27  Roach x2  
  145  8:29  Overseer  
  149  8:35  Roach  
  149  8:37  Zergling x2  
  152  8:44  Zergling x8  
  156  8:52  Roach x2  
  156  8:53  Roach x2  
  157  9:00  Ravager  
  154  9:03  Roach x4  
  154  9:06  Nydus Canal  
  161  9:14  Roach x3  
  161  9:15  Roach  
  157  9:17  Overlord  
  157  9:24  Roach x6  
  160  9:37  Ravager x4  
  162  9:43  Overlord  
  162  9:44  Overlord  
  162  9:52  Overlord  
  158  9:53  Hatchery  
  158  9:54  Roach x3  
  160  10:00  Nydus Canal  
  160  10:01  Swarm Host x5  
  160  10:02  Swarm Host  
  160  10:05  Overlord  
  178  10:14  Nydus Canal  
  178  10:16  Swarm Host x2  
  182  10:29  Nydus Canal  
  182  10:33  Swarm Host x7  
  181  10:39  Swarm Host  
  169  10:45  Roach x4  
  169  10:48  Zergling x6  
  174  10:52  Swarm Host  
  175  11:01  Roach, Nydus Canal  
  175  11:02  Roach  
  179  11:05  Roach  
  179  11:06  Extractor  
  179  11:08  Roach x2, Extractor  
  183  11:12  Roach  
  183  11:13  Roach  
  183  11:14  Drone  
  183  11:15  Drone  
  189  11:22  Nydus Canal  
  189  11:27  Roach  
  189  11:28  Overlord x3  
  189  11:30  Ravager  
  187  11:50  Swarm Host x4  
  187  11:53  Ravager  
  200  12:00  Overseer x2  
  195  12:03  Zergling x16  
  195  12:04  Zergling x12  
  195  12:07  Roach  
  181  12:10  Roach x3  
  181  12:14  Roach x2  
Show
View Real Time Build Order
Export as new Build Order

PartinG Protoss - Winner!

Build Orders: 1 Gate Expand 

Get SALT Encoding   

  12  0:00  Probe  
  13  0:12  Probe  
  14  0:19  Pylon  
  14  0:24  Probe  
  14  0:27  Assimilator  
  15  0:33  Probe  
  15  0:42  Probe  
  16  0:43  Gateway  
  17  0:53  Probe  
  18  1:05  Probe  
  19  1:21  Nexus  
  19  1:24  Probe  
  20  1:34  Cybernetics Core  
  20  1:37  Probe  
  21  1:41  Assimilator  
  21  1:49  Probe  
  21  1:50  Pylon  
  23  2:01  Sentry, Probe  
  23  2:10  Warp Gate  
  23  2:13  Probe  
  26  2:17  Stalker  
  26  2:25  Probe  
  26  2:29  Probe  
  29  2:32  Robotics Facility  
  30  2:38  Probe x2  
  32  2:44  Gateway  
  32  2:48  Probe  
  32  2:50  Probe  
  34  2:52  Sentry  
  36  3:00  Probe  
  36  3:02  Probe  
  38  3:08  Gateway  
  38  3:09  Warp Prism  
  38  3:13  Gateway  
  40  3:23  Probe  
  40  3:24  Probe  
  42  3:35  Immortal, Gateway  
  42  3:37  Pylon  
  46  3:50  Gateway  
  46  3:55  Gateway  
  46  3:59  Stalker  
  48  4:03  Stalker  
  48  4:08  Stalker  
  52  4:13  Stalker  
  54  4:20  Pylon  
  54  4:21  Pylon  
  54  4:46  Stalker x2  
  54  4:47  Zealot x4  
  54  4:49  Stalker  
  64  4:59  Pylon  
  64  5:08  Zealot, Stalker x2  
  64  5:12  Pylon  
  70  5:23  Stalker  
  70  5:24  Zealot x3  
  76  5:29  Probe  
  76  5:30  Probe  
  76  5:34  Observer  
  68  5:37  Assimilator  
  68  5:39  Assimilator  
  68  5:40  Zealot x3  
  68  5:42  Probe  
  76  5:47  Probe  
  77  5:50  Stalker  
  77  5:54  Probe  
  77  5:56  Pylon  
  80  6:07  Stalker  
  80  6:09  Zealot, Stalker  
  86  6:14  Probe x2, Pylon  
  88  6:18  Stalker  
  89  6:26  Probe x2  
  89  6:29  Twilight Council  
  91  6:34  Observer  
  91  6:35  Blink  
  91  6:38  Probe x2  
  91  6:39  Forge  
  94  6:46  Protoss Ground Weapons Level 1  
  94  7:11  Nexus  
  94  7:14  Pylon  
  92  7:19  Robotics Bay  
  92  7:21  Pylon  
  90  7:27  Probe x2  
  92  7:35  Stalker x3  
  98  7:42  Sentry, Stalker x2  
  98  7:44  Probe x2  
  106  7:48  Shield Battery  
  106  7:51  Stalker  
  108  7:58  Probe x2  
  110  8:12  Pylon x2  
  110  8:15  Photon Cannon  
  110  8:19  Pylon  
  110  8:23  Probe x2  
  112  8:29  Sentry x4  
  112  8:32  Stalker  
  112  8:33  Zealot, Stalker  
  126  8:36  Probe x3  
  129  8:47  Assimilator  
  129  8:50  Assimilator  
  129  8:53  Stalker x4  
  135  9:03  Zealot, Stalker x2  
  135  9:05  Protoss Ground Weapons Level 2  
  135  9:23  Immortal, Zealot x4  
  135  9:24  Zealot  
  137  9:48  Stalker x2  
  137  9:52  Pylon  
  141  9:55  Pylon  
  141  9:56  Pylon  
  141  9:59  Photon Cannon  
  141  10:00  Pylon  
  141  10:02  Photon Cannon  
  141  10:14  Stalker x4  
  149  10:24  Stalker x3  
  149  10:25  Probe  
  149  10:26  Probe  
  150  10:32  Immortal  
  138  10:39  Probe  
  137  10:44  Sentry  
  137  10:46  Stalker x2  
  141  10:50  Probe  
  141  10:52  Stalker  
  141  10:56  Probe  
  139  10:58  Probe  
  140  11:07  Stalker x2  
  140  11:08  Stalker  
  146  11:13  Stalker  
  146  11:14  Probe  
  146  11:15  Probe x2  
  151  11:23  Stalker x2  
  151  11:24  Stalker  
  153  11:47  Stalker x3  
  153  11:51  Stalker x3  
  153  11:53  Stalker  
  162  12:15  Stalker x5  
  170  12:16  Stalker  
  170  12:29  Stalker  

Tags
 
Add a new tag
Caveats
  • Supply blocks, unpowered buildings, or Contaminate may cause inaccurate times.
  • Supply counts are checked every 10 seconds.